 Dungeon Crawl Stone Soup version 0.25-a0-589-g1e14c549ee (webtiles) character file.

Game seed: 6637785073089540797, levelgen mode: deterministic

10134 a0bad the Cleaver (level 11, -9/101 HPs)
             Began as a Minotaur Fighter on Mar 13, 2020.
             Was an Elder of Okawaru.
             Killed by the air
             ... invoked by Gastronok
              (26 damage)
             ... on level 2 of the Lair of Beasts.
             The game lasted 00:13:49 (11210 turns).

a0bad the Cleaver (Minotaur Fighter)               Turns: 11210, Time: 00:13:49

Health: -9/101     AC: 15    Str: 25    XL:     11   Next: 32%
Magic:  8/10       EV: 13    Int:  5    God:    Okawaru [****..]
Gold:   423        SH: 14    Dex:  9    Spells: 10/10 levels left

rFire    + . .     SeeInvis .   t - +0 war axe (flame)
rCold    . . .     Gourm    .   c - +0 kite shield
rNeg     . . .     Faith    .   r - +3 ring mail {rPois}
rPois    +         Spirit   .   (helmet restricted)
rElec    .         Reflect  .   o - +0 cloak
rCorr    .         Harm     .   J - +0 pair of gloves
MR       .....                  j - +0 pair of boots
Stlth    ++........             (no amulet)
HPRegen  0.26/turn              F - ring of protection from fire
MPRegen  0.12/turn              I - ring of poison resistance

@: mighty, heroism, slowed, very slow
A: retaliatory headbutt, horns 2
a: Heroism, Renounce Religion


You were on level 2 of the Lair of Beasts.
You worshipped Okawaru.
Okawaru was greatly pleased with you.
You were not hungry.

You visited 3 branches of the dungeon, and saw 11 of its levels.

You collected 423 gold pieces.

Inventory:

Hand Weapons
 q - a +3 morningstar
 s - a +0 vorpal flail
 t - a +0 war axe of flaming (weapon)
Armour
 b - a +0 scale mail
 c - a +0 kite shield (worn)
 j - a +0 pair of boots (worn)
 o - a +0 cloak (worn)
 r - a +3 ring mail of poison resistance (worn)
 J - a +0 pair of gloves (worn)
Jewellery
 p - an uncursed ring of magical power
 z - an uncursed ring of poison resistance
 E - an uncursed amulet of the gourmand {unknown}
 F - a ring of protection from fire (left hand)
 H - an uncursed ring of protection from magic {unknown}
 I - a ring of poison resistance (right hand)
Wands
 w - a wand of flame (9)
Scrolls
 a - a scroll of noise {unknown}
 g - 4 scrolls of remove curse
 h - 4 scrolls of teleportation
 k - 4 scrolls of enchant weapon
 l - a scroll of silence {unknown}
 m - a scroll of amnesia
 u - a scroll of blinking
 y - 3 scrolls of fog
 A - 3 scrolls of summoning
 K - a scroll of identify
 M - a scroll of holy word {unknown}
Potions
 d - a potion of might
 e - 4 potions of ambrosia {unknown}
 i - 8 potions of curing
 n - 7 potions of brilliance
 v - 3 potions of mutation {unknown}
 x - 2 potions of cancellation {unknown}
 B - a potion of flight {unknown}
 C - 2 potions of lignification {unknown}
 D - 3 potions of invisibility
 G - a potion of stabbing
 L - a potion of berserk rage {unknown}
Comestibles
 f - 14 rations


   Skills:
 + Level 10.7(15.7) Fighting
 * Level 12.6(18.2) Axes
 - Level 6.3(15.4) Maces & Flails
 - Level 8.0(13.0) Armour
 + Level 10.7(15.7) Shields


You had 10 spell levels left.
You didn't know any spells.
Your spell library contained the following spells:

 Spells                   Type           Power        Failure   Level  Hunger
 Magic Dart               Conj           #...         58%         1    ##.....
 Summon Small Mammal      Summ           #...         58%         1    ##.....
 Blink                    Tloc           N/A          73%         2    ###....
 Call Imp                 Summ           #.......     73%         2    ###....
 Slow                     Hex            #.......     73%         2    ###....
 Call Canine Familiar     Summ           #.......     91%         3    ####...
 Conjure Flame            Conj/Fire      #.......     91%         3    ####...
 Mephitic Cloud           Conj/Pois/Air  #.......     91%         3    ####...
 Summon Guardian Golem    Hex/Summ       #.......     91%         3    ####...
 Summon Ice Beast         Ice/Summ       #.......     100%        4    #####..
 Summon Lightning Spire   Summ/Air       #.......     100%        4    #####..


Dungeon Overview and Level Annotations

Branches:
Dungeon (8/15)             Temple (1/1) D:7            Lair (2/6) D:8
 Shoals (0/4) Lair:2
  Snake: Lair:2-4    Spider: Lair:2-4

Altars:
Ashenzari
Cheibriados
Dithmenos
Elyvilon
Fedhas
Gozag
Hepliaklqana
Kikubaaqudgha
Makhleb
Nemelex Xobeh
Okawaru
Qazlal
Ru
Sif Muna
Trog
Uskayaw
Vehumet
Wu Jian
Xom
Yredelemnul
Zin
The Shining One

Shops:
D:5 (

Annotations:
Lair:2 Gastronok


Innate Abilities, Weirdness & Mutations

You reflexively headbutt those who attack you in melee.
You have a pair of horns on your head.


Message History

You hit the rat. You burn the rat.
You kill the rat!
The rat's corpse disappears in a puff of smoke!
Gastronok bites you!!
You slash Gastronok! You burn Gastronok.
Gastronok is heavily wounded.
Gastronok waves his eye-stalks in wide circles.
The air twists around and strikes you!!
* * * LOW HITPOINT WARNING * * *
You gain the combat prowess of a mighty hero.
You slash Gastronok! You burn Gastronok. You headbutt Gastronok!
Gastronok is severely wounded.
You block Gastronok's attack.
You slash Gastronok! You burn Gastronok.
Gastronok is severely wounded.
You slash Gastronok! You burn Gastronok. You headbutt Gastronok.
Gastronok is almost dead.
Gastronok waves his eye-stalks in wide circles.
The air twists around and strikes you!!
You die...

#...# ....# [...##
....### .....# #....##
#.....## ##@w...#
#..†..## ##....##
#.....P# ###
#P.....### ####.#
######.#
####.[..##P#####.#.)#
........
.....................
....<...
......................
.##....
......................


You could see Gastronok.

Vanquished Creatures
  5 spiny frogs
  Maggie (D:6)
  The ghost of Kohma the Geomancer, a novice GrEE of Ashenzari (D:5)
  2 komodo dragons
  Grinder (D:5)
  A hippogriff (Lair:1)
  A snapping turtle (Lair:2)
  A wyvern (D:8)
  14 yaks (Lair:2)
  Edmund (D:4)
  2 water moccasins (Lair:1)
  Duvessa (D:6)
  3 porcupines
  3 ice beasts
  2 orc warriors
  A black bear (D:8)
  A necrophage (D:7)
  6 ogres
  3 centaurs
  A crocodile (Lair:1)
  Blork the orc (D:6)
  4 bullfrogs
  Dowan (D:6)
  2 scorpions
  19 killer bees
  2 howler monkeys
  5 wights
  5 crimson imps
  A bullfrog zombie (D:7)
  6 orc priests
  4 hounds
  5 orc wizards
  2 bullfrog skeletons (D:5)
  2 iguanas
  6 worker ants
  A hound zombie (D:7)
  A hound skeleton (D:5)
  6 gnolls
  9 adders
  2 shadow imps
  2 adder skeletons
  3 worms
  3 dart slugs
  8 leopard geckos
  38 orcs
  6 giant cockroaches
  5 goblins
  6 hobgoblins
  26 jackals
  14 kobolds
  6 quokkas
  2 ball pythons
  7 bats
  8 frilled lizards
  A jackal skeleton (D:6)
  3 rats
273 creatures vanquished.

Vanquished Creatures (others)
  10 fungi (D:4)
  A plant (D:8)
11 creatures vanquished.

Grand Total: 284 creatures vanquished

Notes
Turn   | Place    | Note
-------+----------+-------------------------------------------
     0 | D:1      | a0bad the Minotaur Fighter began the quest for the Orb.
     0 | D:1      | Reached XP level 1. HP: 19/19 MP: 0/0
    89 | D:1      | Reached XP level 2. HP: 22/27 MP: 1/1
   810 | D:1      | Reached XP level 3. HP: 28/33 MP: 2/2
  1886 | D:2      | Reached XP level 4. HP: 40/40 MP: 3/3
  2429 | D:3      | You fall into a shaft and drop 1 floor!
  2430 | D:4      | Noticed Edmund
  2439 | D:4      | Killed Edmund
  2439 | D:4      | Reached skill level 5 in Maces & Flails
  2439 | D:4      | Reached XP level 5. HP: 32/47 MP: 4/4
  2442 | D:4      | Reached XP level 6. HP: 38/55 MP: 5/5
  2498 | D:4      | Reached skill level 5 in Armour
  2505 | D:4      | Reached skill level 5 in Fighting
  2505 | D:4      | Reached skill level 5 in Shields
  2792 | D:4      | Reached XP level 7. HP: 35/61 MP: 6/6
  2981 | D:4      | Found a shattered altar of Ashenzari.
  3114 | D:4      | Reached skill level 1 in Axes
  3321 | D:4      | Reached skill level 2 in Axes
  4259 | D:3      | Reached skill level 3 in Axes
  4698 | D:5      | Entered Level 5 of the Dungeon
  4701 | D:5      | Found a radiant altar of Vehumet.
  4977 | D:5      | Found a shadowy altar of Dithmenos.
  4998 | D:5      | Found Qigustru's Antique Weapon Emporium.
  5044 | D:5      | Found a runed translucent door.
  5045 | D:5      | Noticed Kohma's ghost (novice GrEE)
  5053 | D:5      | Killed Kohma's ghost
  5053 | D:5      | Reached skill level 4 in Axes
  5053 | D:5      | Reached XP level 8. HP: 51/71 MP: 7/7
  5325 | D:5      | Reached skill level 5 in Axes
  5723 | D:6      | Noticed Grinder
  5724 | D:6      | Noticed Duvessa
  5725 | D:6      | Noticed Dowan
  5764 | D:6      | Killed Duvessa
  5764 | D:6      | Reached skill level 6 in Axes
  5771 | D:6      | Paralysed by Grinder for 5 turns
  5778 | D:5      | Reached XP level 9. HP: 13/79 MP: 8/8
  5790 | D:5      | Killed Grinder
  5929 | D:6      | Killed Dowan
  5929 | D:6      | Reached skill level 7 in Axes
  5974 | D:6      | Noticed Maggie
  5984 | D:6      | Killed Maggie
  6141 | D:6      | Noticed Blork the orc
  6148 | D:6      | Killed Blork the orc
  6328 | D:6      | Found a stormy altar of Qazlal.
  6494 | D:7      | Found a staircase to the Ecumenical Temple.
  6541 | Temple   | Entered the Ecumenical Temple
  6577 | Temple   | Became a worshipper of Warmaster Okawaru
  6774 | D:7      | Reached skill level 8 in Axes
  6845 | D:7      | Found a basalt altar of Yredelemnul.
  7020 | D:7      | Found a burning altar of Makhleb.
  7020 | D:7      | Found a faded altar of an unknown god.
  7027 | D:7      | Found a faded altar of an unknown god.
  7029 | D:7      | Found a glowing silver altar of Zin.
  7030 | D:7      | Found a bloodstained altar of Trog.
  7117 | D:7      | Reached * piety under Okawaru
  7117 | D:7      | Reached skill level 9 in Axes
  7625 | D:8      | Reached XP level 10. HP: 72/90 MP: 9/9
  8025 | D:8      | Reached ** piety under Okawaru
  8025 | D:8      | Reached skill level 10 in Axes
  8476 | D:8      | Found a staircase to the Lair.
  9178 | Lair:1   | Entered Level 1 of the Lair of Beasts
  9308 | Lair:1   | Noticed a spiny frog
  9319 | Lair:1   | Killed a spiny frog
  9319 | Lair:1   | Reached skill level 11 in Axes
  9586 | Lair:1   | Noticed a spiny frog
  9595 | Lair:1   | Killed a spiny frog
  9833 | Lair:1   | Noticed a spiny frog
  9840 | Lair:1   | Killed a spiny frog
  9840 | Lair:1   | Reached skill level 10 in Fighting
  9840 | Lair:1   | Reached skill level 10 in Shields
  9869 | Lair:1   | Reached *** piety under Okawaru
 10277 | Lair:2   | Noticed a spiny frog
 10285 | Lair:2   | Reached XP level 11. HP: 96/100 MP: 7/10
 10292 | Lair:2   | Reached **** piety under Okawaru
 10292 | Lair:2   | Reached skill level 12 in Axes
 10779 | Lair:2   | Found a staircase to the Shoals.
 11186 | Lair:2   | Noticed Gastronok
 11210 | Lair:2   | Killed from afar by Gastronok

Levels and vault maps discovered:
D:1:      doesnt_arrival_eight_statues, layout_loops_corners, serial_bayou,
          serial_bayou_lagoon_a, serial_bayou_pond_c, serial_bayou_pond_d,
          serial_bayou_pond_a
D:2:      layout_loops_ring
D:3:      layout_loops_ring, first_ration, minmay_misc_feat_tiny,
          wad_rectangle_vault
D:4:      minmay_angry_zag, layout_basic, serial_aquarium,
          aquarium_bridge_square [aquarium_subvault_wall,
          aquarium_subvault_wall, aquarium_subvault_bridge,
          aquarium_subvault_bridge], aquarium_window_1,
          aquarium_window_corridor_3, aquarium_window_fake, aquarium_window_1,
          aquarium_view_2b, aquarium_balcony_1a, aquarium_pool_S,
          minmay_misc_feat_square, ashenzari_altar_1, uniq_edmund
D:5:      layout_loops_cross, lemuel_crystal_altar, old_standard_altar,
          serial_shops, shop, ebering_ghost_reflecting_pool
D:6:      layout_cave_pools, nicolae_qazlal_eye_of_the_storm, uniq_maggie,
          uniq_duvessa, uniq_grinder, uniq_blork_the_orc
D:7:      layout_cave_pods, nicolae_overflow_hidden_temple,
          chequers_temple_overflow_minitemple, minmay_temple_entry_antechambers
D:8:      layout_layer_cave, david_lair_shrubbed
Temple:   regret_index_temple_sphere_string
Lair:1:   layout_small_grid
Lair:2:   layout_hall_layers, minmay_shoals_entry_hut, gammafunk_ghost_split,
          grunt_megastairs_2, uniq_gastronok

Skill      XL: |  1  2  3  4  5  6  7  8  9 10 11 |
---------------+----------------------------------+-----
Maces & Flails | 3 5 6 |  6.3
Fighting       | 4 5 6 7 8 10 | 10.7
Armour         | 4 5 6 7 8 |  8.0
Shields        | 4 5 6 7 8 10 | 10.7
Axes           | 4 6 9 11 12 | 12.6

Action                   |  1- 3 |  4- 6 |  7- 9 | 10-12 || total
-------------------------+-------+-------+-------+-------++-------
Melee: Flail             |   140 |   110 |    20 |       ||   270
       Headbutt          |    14 |    16 |    63 |    43 ||   136
       War axe           |       |       |   279 |   212 ||   491
Invok: Heroism           |       |       |       |     6 ||     6
  Use: Potion            |       |     1 |     3 |     1 ||     5
       Scroll            |       |       |    18 |       ||    18
  Eat: Chunk             |     3 |     3 |    16 |    11 ||    33
Armor: Scale mail        |    71 |    19 |       |       ||    90
       Ring mail         |       |    15 |   105 |    94 ||   214
Dodge: Dodged            |    59 |    25 |   121 |    71 ||   276
Block: Kite shield       |    87 |    58 |   164 |   126 ||   435

Table legend:
 A = Non-vault XP
 B = Vault XP
 C = Vault XP percentage of total XP
 D = Non-vault monster count
 E = Vault monster count
 F = Vault count percentage of total count
                 A         B        C        D         E       F
            +---------+---------+-------+---------+---------+-------
      Total |   11368 |    3110 |  21.5 |     249 |      24 |   8.8
            +---------+---------+-------+---------+---------+-------
        D:1 |      64 |       0 |   0.0 |      35 |       0 |   0.0
        D:2 |      91 |       0 |   0.0 |      19 |       0 |   0.0
        D:3 |      54 |       9 |  14.3 |      23 |       6 |  20.7
        D:4 |     798 |     290 |  26.7 |      31 |       5 |  13.9
        D:5 |     501 |     642 |  56.2 |      17 |       2 |  10.5
        D:6 |     812 |     698 |  46.2 |      21 |       4 |  16.0
        D:7 |    1094 |       0 |   0.0 |      28 |       0 |   0.0
        D:8 |    2426 |     338 |  12.2 |      52 |       1 |   1.9
     Lair:1 |    2505 |       0 |   0.0 |      10 |       0 |   0.0
     Lair:2 |    3023 |    1133 |  27.3 |      13 |       6 |  31.6
            +---------+---------+-------+---------+---------+-------
